 Dungeon Crawl Stone Soup version 0.22-a0-161-g198051c (webtiles) character file.

1632 wolfsongas the Covert (level 8, -4/51 HPs)
             Began as an Octopode Assassin on Feb 10, 2018.
             Was an Initiate of Okawaru.
             Slain by a troll (5 damage)
             ... on level 6 of the Dungeon.
             The game lasted 00:11:23 (5404 turns).

wolfsongas the Covert (Octopode Assassin)           Turns: 5404, Time: 00:11:24

Health: -4/51      AC:  5    Str: 10    XL:     8   Next: 98%
Magic:  8/8        EV: 13    Int: 14    God:    Okawaru [......]
Gold:   284        SH:  0    Dex: 17    Spells: 7/7 levels left

rFire    . . .     SeeInvis .   a - +3 dagger
rCold    . . .     Gourm    .   (no shield)
rNeg     . . .     Faith    .   (helmet restricted)
rPois    .         Spirit   .   l - amulet of the acrobat
rElec    .         Reflect  .   v - +4 ring of dexterity
rCorr    .         Harm     .   (no ring)
MR       .....                  (no ring)
Stlth    ++++++....             (no ring)
HPRegen  0.17/turn              (no ring)
MPRegen  0.11/turn              (no ring)
                                (no ring)
                                (no ring)

@: no status effects
A: almost no armour, stealthy swim, amphibious, 8 rings, constrict 8, rugged
brown scales 1, yellow scales 1, camouflage 1, clumsy 1, shaggy fur 1,
gelatinous body 1
a: Renounce Religion


You were on level 6 of the Dungeon.
You worshipped Okawaru.
Okawaru was noncommittal.
You were not hungry.

You visited 1 branch of the dungeon, and saw 6 of its levels.
You also visited: Sewer.

You collected 284 gold pieces.

Inventory:

Hand Weapons
 a - a +3 dagger (weapon)
 b - a +0 blowgun
Missiles
 c - 24 poisoned needles
 d - 2 curare-tipped needles
 m - 6 needles of confusion
Jewellery
 l - an amulet of the acrobat (around mantle)
 n - an uncursed amulet of regeneration {unknown}
 v - a +4 ring of dexterity (left tentacle)
Wands
 s - a wand of flame (31)
Scrolls
 e - a scroll of remove curse
 f - 2 scrolls of amnesia
 j - a scroll of magic mapping
 p - 3 scrolls of teleportation
Potions
 i - 2 potions of mutation
 k - a potion of degeneration
 o - 4 potions of curing
 q - 2 potions of flight
Comestibles
 g - 8 rations
 h - 6 chunks of flesh


   Skills:
 - Level 2.0 Fighting
 * Level 9.3 Short Blades
 - Level 2.0 Throwing
 - Level 1.0 Dodging
 + Level 10.4 Stealth


You had 7 spell levels left.
You didn't know any spells.

Dungeon Overview and Level Annotations

Branches:
Dungeon (6/15)             Temple (0/1) D:5

Altars:
Ashenzari
Fedhas
Gozag
Makhleb
Okawaru
Qazlal
Trog


Innate Abilities, Weirdness & Mutations

You cannot wear most types of armour.
You are very stealthy in the water. (Stealth+)
You are amphibious.
You can wear up to eight rings at the same time.
You can use your tentacles to constrict eight enemies at once.
Your skin changes colour to match your surroundings (Stealth+).
Your rubbery body absorbs attacks. (AC +1, EV +1)
You are partially covered in rugged brown scales. (AC +1, +3% HP)
You are partially covered in yellow scales. (AC +2)
You are clumsy. (Dex -2)
You are covered in fur. (AC +1)


Message History

The troll is lightly wounded.
The troll bites you!
* * * LOW HITPOINT WARNING * * *
The troll barely misses you. x2; The bullfrog closely misses you.
You barely miss the troll.
The troll is lightly wounded.
You hit the troll but do no damage. You squeeze the troll.
The troll is moderately wounded.
The bullfrog hits you!
* * * LOW HITPOINT WARNING * * *
The troll closely misses you. The troll misses you.
The troll closely misses you.
You hit the troll.
The troll is moderately wounded.
The bullfrog hits you.
* * * LOW HITPOINT WARNING * * *
The troll bites you.
* * * LOW HITPOINT WARNING * * *
The troll claws you.
You die...

##### ##)%!## #.....#
#.....# #.....# #FT.#
#+########@########
#.##.....(...##...##
#.##.#.......#.....#
##.##.#....8..'.....#
##.............#.....#
#......#.......##...##
###...#.#.###'########
####.##..#.#.##...##
...........(.#.....#


You could see a troll and a bullfrog.

Vanquished Creatures
  Grinder (D:4)
  3 sky beasts
  2 phantoms (D:4)
  3 ogres
  A big kobold (Sewer)
  3 scorpions
  A crimson imp (D:5)
  2 howler monkeys
  2 hounds
  3 orc priests
  2 iguanas
  A worker ant (D:5)
  6 adders
  2 river rats (Sewer)
  2 shadow imps (D:6)
  An ooze (D:2)
  A worm (D:4)
  2 dart slugs
  7 leopard geckos
  11 orcs
  2 ball pythons
  3 giant cockroaches
  7 goblins
  4 hobgoblins
  8 jackals
  2 quokkas
  10 bats
  4 frilled lizards
  A jackal skeleton (D:6)
  7 kobolds
  16 rats
120 creatures vanquished.

Notes
Turn   | Place    | Note
-------+----------+-------------------------------------------
     0 | D:1      | wolfsongas the Octopode Assassin began the quest for the Orb.
     0 | D:1      | Reached XP level 1. HP: 14/14 MP: 1/1
   448 | D:1      | Reached XP level 2. HP: 19/19 MP: 2/2
   889 | D:1      | Reached XP level 3. HP: 18/24 MP: 3/3
  1419 | D:2      | Reached skill level 6 in Stealth
  1609 | D:2      | Gained mutation: You possess an exceptional clarity of mind. [potion of mutation]
  1609 | D:2      | Gained mutation: You are robust. (+10% HP) [potion of mutation]
  1676 | D:2      | Found a burning altar of Makhleb.
  1686 | D:2      | Reached XP level 4. HP: 26/31 MP: 4/4
  1844 | D:2      | Found a stormy altar of Qazlal.
  1845 | D:2      | Noticed an earth elemental
  1847 | D:2      | Noticed a water elemental
  1847 | D:2      | Noticed an air elemental
  1847 | D:2      | Noticed a fire elemental
  2163 | D:3      | Reached XP level 5. HP: 37/37 MP: 5/5
  2211 | D:3      | Found a glowing drain.
  2220 | Sewer    | Entered a sewer
  2300 | Sewer    | Noticed a big kobold
  2316 | Sewer    | Killed a big kobold
  2316 | Sewer    | Reached skill level 5 in Short Blades
  2316 | Sewer    | Reached skill level 7 in Stealth
  2441 | Sewer    | Found a white marble altar of Elyvilon.
  2455 | Sewer    | Lost mutation: You possess an exceptional clarity of mind. [potion of mutation]
  2455 | Sewer    | Lost mutation: You are robust. (+10% HP) [potion of mutation]
  2455 | Sewer    | Gained mutation: You are covered in fur. (AC +1) [potion of mutation]
  2455 | Sewer    | Gained mutation: You are partially covered in rugged brown scales. (AC +1, +3% HP) [potion of mutation]
  2455 | Sewer    | Gained mutation: You are clumsy. (Dex -2) [potion of mutation]
  2455 | Sewer    | Gained mutation: You are partially covered in yellow scales. (AC +2) [potion of mutation]
  2663 | D:3      | Reached XP level 6. HP: 40/40 MP: 6/6
  2739 | D:3      | Noticed a sky beast
  2746 | D:3      | Killed a sky beast
  2942 | D:4      | Noticed a phantom
  2974 | D:4      | Noticed a phantom
  2980 | D:4      | Killed a phantom
  2980 | D:4      | Reached XP level 7. HP: 27/46 MP: 7/7
  3019 | D:4      | Reached skill level 8 in Stealth
  3275 | D:4      | Found a blossoming altar of Fedhas.
  3276 | D:4      | Noticed Grinder
  3280 | D:4      | Paralysed by Grinder for 4 turns
  3291 | D:4      | Killed Grinder
  3319 | D:4      | Reached skill level 9 in Stealth
  3319 | D:4      | Reached XP level 8. HP: 23/51 MP: 8/8
  3411 | D:4      | Found a stormy altar of Qazlal.
  3845 | D:5      | Entered Level 5 of the Dungeon
  3892 | D:5      | Found an opulent altar of Gozag.
  4171 | D:5      | Found an iron altar of Okawaru.
  4179 | D:5      | Became a worshipper of Warmaster Okawaru
  4238 | D:5      | Found a staircase to the Ecumenical Temple.
  4265 | D:5      | Found a shattered altar of Ashenzari.
  4328 | D:5      | Noticed a moth of wrath
  4331 | D:5      | Found a bloodstained altar of Trog.
  4635 | D:6      | Reached skill level 10 in Stealth
  5397 | D:6      | Noticed a troll
  5404 | D:6      | HP: 1/51 [troll (4)]
  5404 | D:6      | Slain by a troll

Vault maps used:
D:1:      dpeg_chamrin_arrival_tetris, serial_bayou_ford_a, serial_bayou_pond_e,
          corner_web_ring, roderic_filled_cross, minmay_misc_feat_plants,
          minmay_pentomino_z2
D:2:      makhleb_heckhound_becter, nicolae_qazlal_style_of_elements
D:3:      gup_sewer_entry_bubbles, first_ration
D:4:      grunt_temple_overflow_forces_of_nature, serial_bayou_pond_d,
          minmay_checkerbox, uniq_grinder
D:5:      lemuel_doored_altar, lemuel_round_altar,
          ashenzari_conservatory_becter, tgw_trog, minmay_temple_entry_mist
D:6:      minmay_three_doors
Sewer:    sewer_kobolds

Skill      XL: |  1  2  3  4  5  6  7  8 |
---------------+-------------------------+-----
Short Blades   | 3 4 5 6 7 9 |  9.3
Stealth        | 6 7 9 10 | 10.4
Fighting       | |  2.0
Throwing       | |  2.0
Dodging        | |  1.0

Action                   |  1- 3 |  4- 6 |  7- 9 || total
-------------------------+-------+-------+-------++-------
Melee: Dagger            |    66 |   109 |   207 ||   382
       Constrict         |    12 |    17 |    23 ||    52
       Tentacles         |     9 |    22 |    38 ||    69
  Use: Scroll            |     4 |     7 |     3 ||    14
       Potion            |     2 |     6 |     8 ||    16
 Stab: Sleeping          |    12 |    17 |     5 ||    34
       Distracted        |       |       |     1 ||     1
  Eat: Ration            |     1 |     2 |     1 ||     4
       Chunk             |       |       |     1 ||     1
Armor: Skin              |     1 |     4 |    26 ||    31
Dodge: Dodged            |    34 |    55 |   103 ||   192

Table legend:
 A = Spawn XP
 B = Non-spawn XP
 C = Spawn XP percentage of total XP
 D = Spawn monster count
 E = Non-spawn monster count
 F = Spawn count percentage of total count
 G = Total turns spent on level
                    A         B        C        D         E        F      G
               +---------+---------+-------+---------+---------+-------+---------
         Total |       0 |    2332 |   0.0 |       0 |     120 |   0.0 |  5404
               +---------+---------+-------+---------+---------+-------+---------
           D:1 |       0 |      43 |   0.0 |       0 |      24 |   0.0 |  1351
           D:2 |       0 |     108 |   0.0 |       0 |      20 |   0.0 |   742
           D:3 |       0 |     217 |   0.0 |       0 |      22 |   0.0 |   564
           D:4 |       0 |     914 |   0.0 |       0 |      14 |   0.0 |   903
           D:5 |       0 |     541 |   0.0 |       0 |      17 |   0.0 |   779
           D:6 |       0 |     374 |   0.0 |       0 |      12 |   0.0 |   780
         Sewer |       0 |     135 |   0.0 |       0 |      11 |   0.0 |   285
               +---------+---------+-------+---------+---------+-------+---------
